 Dungeon Crawl Stone Soup version 0.31-a0-210-gccc998df9b (webtiles) character file.

Game seed: 9604646350532985280

760 qw the Shooter (level 7, -2/44 HPs)
             Began as a Gargoyle Hexslinger on June 30, 2023.
             Slain by a worm (3 damage)
             ... on level 6 of the Dungeon.
             The game lasted 00:01:37 (4312 turns).

qw the Shooter (Gargoyle Hexslinger)                Turns: 4312, Time: 00:01:38

Health: -2/44      AC: 12    Str: 11    XL:     7   Next: 80%
Magic:  8/8        EV: 12    Int: 14    God:
Gold:   200        SH:  0    Dex: 17    Spells: 7/8 levels left

rFire   + . .        Y - +2 sling
rCold   . . .        (no shield)
rNeg    + . .        d - +5 leather armour of Moral Flaws {Drain rF+ Dex+3}
rPois   inf          (no helmet)
rElec   +            (no cloak)
rCorr   .            (no gloves)
SInv    .            (no boots)
Will    .....        a - amulet of reflection
Stlth   +            (no ring)
HPRegen 0.27/turn    (no ring)
MPRegen 0.11/turn

%: reflection
@: confused
A: sickness immunity, AC +4, negative energy resistance 1, electricity
resistance, torment resistance 1, petrification resistance
a: no special abilities


You were on level 6 of the Dungeon.
You visited 2 branches of the dungeon, and saw 7 of its levels.

You collected 200 gold pieces.


Innate Abilities, Weirdness & Mutations

You are immune to sickness and miasma.
Your stone body is resilient. (AC +4)
You are immune to poison.
You resist negative energy. (rN+)
You are resistant to electric shocks. (rElec)
You are resistant to unholy torment.
You are immune to petrification.


   Skills:
 - Level 4.8 Fighting
 + Level 7.2 Ranged Weapons
 - Level 2.0 Dodging
 - Level 1.0 Spellcasting
 - Level 2.6 Hexes


You had 7 spell levels left.
You knew the following spells:

 Your Spells              Type           Power      Damage    Failure   Level
a - Slow                  Hex            32%        N/A       12%         1

Your spell library contained the following spells:

 Spells                   Type           Power      Damage    Failure   Level
 Inner Flame              Hex/Fire       4%         N/A       52%         3
 Portal Projectile        Hex/Tloc       8%         N/A       52%         3
 Cause Fear               Hex            4%         N/A       75%         4

Inventory:

Hand Weapons
 Y - a +2 sling (weapon)
Armour
 d - the +5 leather armour of Moral Flaws (worn) {Drain rF+ Dex+3}
   (You found it on level 2 of the Dungeon)

   Dex:       It affects your dexterity (+3).
   rF:        It protects you from fire.
   Drain:     It drains your maximum health when unequipped.
Jewellery
 a - an amulet of reflection (around neck)
Scrolls
 j - 4 scrolls of teleportation
 n - a scroll of identify
Potions
 b - a potion of curing {unknown}
 c - a potion of haste {unknown}
 e - a potion of degeneration {unknown}
 f - 2 potions of might

Dungeon Overview and Level Annotations

Branches:
Dungeon (6/15)             Temple (1/1) D:5

Altars:
Elyvilon
Fedhas
Kikubaaqudgha
Makhleb
Nemelex Xobeh
Qazlal
Sif Muna
Trog
Uskayaw
Vehumet
Wu Jian
Xom
Zin

Shops:
D:1 [

Portals:
Sewer: D:6

Annotations:
D:4 1 runed translucent door, qw's ghost, amateur DEHu
D:6 Pikel; Sigmund


Message History

The lemure barely misses you. The orc barely misses you.
Pikel hits you with a +2 whip of flaming.
Sigmund points at you and mumbles some strange words.
You are more confused.
The worm bites you but does no damage.
In your confused state, you trip and fall back down the stairs.
Pikel hits you but does no damage. The orc hits you but does no damage.
The orc hits you with a +0 mace.
4307 ||| STAIRDANCE The lemure hits you.
Pikel misses you. The lemure hits you. The worm closely misses you.
In your confused state, you trip and fall back down the stairs.
Pikel closely misses you. The orc completely misses you.
The orc hits you with a +0 hand axe. The lemure misses you.
The lemure hits you but does no damage.
The water moccasin bites you but does no damage.
The water moccasin bites you but does no damage.
The orc wizard misses you. The orc barely misses you.
The orc hits you with a +0 hand axe. The lemure barely misses you.
Sigmund hits you from afar with a +0 scythe.
The lemure barely misses you. The worm closely misses you.
Pikel hits you but does no damage. The water moccasin barely misses you.
The orc wizard misses you. The orc hits you but does no damage.
The lemure barely misses you. Pikel closely misses you.
The lemure hits you but does no damage. The orc hits you but does no damage.
The water moccasin bites you but does no damage.
The worm bites you. Sigmund misses you.
Pikel says, "You'll make a fine lemure."
Pikel hits you but does no damage.
The orc wizard points at you and mumbles some strange words.
The magic dart hits you. The orc hits you but does no damage.
The orc barely misses you. The water moccasin closely misses you.
The lemure hits you but does no damage. The lemure barely misses you.
The water moccasin bites you but does no damage.
The orc wizard misses you. The orc barely misses you.
The orc hits you but does no damage. The lemure completely misses you.
Pikel hits you but does no damage. Sigmund misses you.
The lemure hits you but does no damage. The worm bites you.
You die...

#... #. ...
##...# #. #..~
##..... ...~~~~
#..$... .#~~~~~
$.?$...#..~~~~~
.......r..~~~\~
......ooK.~~~~~
.....oo@S#
......w55o.~~~~
.##....@#..#~..
##.....#... .
#####. ..... ..
#### .. .##


You could see Pikel, a water moccasin, 2 lemures, Sigmund, a worm, an orc
wizard, 4 orcs and a rat.

Vanquished Creatures
  A black bear (D:5)
  2 lemures (D:5)
  A phantom (D:5)
  A bullfrog (D:4)
  A scorpion (D:4)
  2 hounds (D:5)
  3 orc priests
  A jelly (D:4)
  Jessica (D:3)
  2 iguanas (D:5)
  4 orc wizards
  6 adders
  A shadow imp (D:5)
  An ufetubus (D:5)
  3 worms
  7 orcs
  3 ball pythons
  4 endoplasms
  3 giant cockroaches
  4 goblins
  3 hobgoblins
  5 quokkas
  2 bats
  A frilled lizard (D:1)
  4 kobolds
  2 rats
68 creatures vanquished.

Notes
Turn   | Place    | Note
-------+----------+-------------------------------------------
     0 | D:1      | qw the Gargoyle Hexslinger began the quest for the Orb.
     0 | D:1      | Reached XP level 1. HP: 12/12 MP: 2/2
     0 | D:1      | 0 ||| qw: Version: 0.3-a-24-ga2abf7b
     0 | D:1      | 0 ||| qw: Game counter: 7131
     0 | D:1      | 0 ||| qw: Melee chars always use a shield: true
     0 | D:1      | 0 ||| qw: God list: Okawaru
     0 | D:1      | 0 ||| qw: Allow faded altars: false
     0 | D:1      | 0 ||| qw: Do Orc after clearing Dungeon:15 true
     0 | D:1      | 0 ||| qw: Do second Lair branch before Depths: true
     0 | D:1      | 0 ||| qw: Lair rune preference: random
     0 | D:1      | 0 ||| qw: Goals: Normal
     0 | D:1      | 0 ||| PLANNING D:1-11
   465 | D:1      | Found Seagim's Antique Armour Emporium.
   523 | D:1      | Reached XP level 2. HP: 16/16 MP: 3/3
   569 | D:1      | 569 ||| SHOPLISTING glowing robe (88 gold, have 27).
   569 | D:1      | 569 ||| SHOPLISTING helmet (108 gold, have 27).
   569 | D:1      | 569 ||| SHOPLISTING leather armour (48 gold, have 27).
   569 | D:1      | 569 ||| SHOPLISTING ring mail (96 gold, have 27).
   569 | D:1      | 569 ||| SHOPLISTING wizard robe (136 gold, have 27).
   888 | D:1      | 888 ||| READING scroll labelled BOTOSM VOYX.
   888 | D:1      | Identified a scroll of acquirement
   888 | D:1      | 888 ||| ACQUIRING amulet of reflection
   888 | D:1      | Acquired an amulet of reflection
   890 | D:1      | 890 ||| UPGRADING to amulet of reflection.
   895 | D:1      | 895 ||| READING scroll labelled LAEDUE UXZASU.
   899 | D:1      | 899 ||| READING 2 scrolls labelled HEYGOT DUCLEVI.
   900 | D:1      | 900 ||| READING scroll labelled YMUEST CAMAO.
   901 | D:1      | 901 ||| READING scroll labelled QAEKKO MERU.
   902 | D:1      | 902 ||| READING scroll labelled DIAMEOSAUR.
   903 | D:1      | 903 ||| READING scroll labelled EZAURAMALU.
   904 | D:1      | 904 ||| READING scroll labelled XOAVVA HOQANAQ.
   905 | D:1      | 905 ||| READING 2 scrolls labelled CETRIOXOCI.
   906 | D:1      | 906 ||| DROPPING scroll of poison.
   907 | D:1      | 907 ||| DROPPING scroll of fear.
   917 | D:2      | Identified the +9 whip of Beoh {elec, rPois rCorr}
   979 | D:2      | Identified the +5 leather armour of Moral Flaws {Drain rF+
                  | Dex+3}
  1032 | D:2      | Reached skill level 3 in Ranged Weapons
  1050 | D:2      | Reached XP level 3. HP: 19/21 MP: 4/4
  1390 | D:2      | 1390 ||| UPGRADING to +5 leather armour of Moral Flaws
                  | {Drain rF+ Dex+3}.
  1400 | D:2      | 1400 ||| DROPPING +0 robe.
  1401 | D:2      | 1401 ||| DROPPING amulet of magic regeneration.
  1402 | D:2      | 1402 ||| READING scroll labelled BEAM TIOFIST.
  1403 | D:2      | 1403 ||| READING scroll labelled XIGRUJ FOENEOT.
  1404 | D:2      | 1404 ||| DRINKING 2 black potions.
  1405 | D:2      | 1405 ||| READING 3 scrolls of identify.
  1405 | D:2      | 1405 ||| IDENTIFYING orange potion
  1406 | D:2      | 1406 ||| READING 2 scrolls of identify.
  1406 | D:2      | 1406 ||| IDENTIFYING fizzy clear potion
  1407 | D:2      | 1407 ||| DROPPING potion of attraction.
  1408 | D:2      | 1408 ||| DROPPING potion of invisibility.
  1504 | D:3      | Reached XP level 4. HP: 26/26 MP: 5/5
  1664 | D:3      | Found a faded altar of an unknown god.
  1668 | D:3      | Found a radiant altar of Vehumet.
  1697 | D:3      | Reached skill level 4 in Ranged Weapons
  2145 | D:3      | Noticed Jessica
  2146 | D:3      | Killed Jessica
  2152 | D:3      | Found a shimmering blue altar of Sif Muna.
  2154 | D:3      | 2154 ||| READING 2 scrolls labelled SIJUIR ZAAGUHA.
  2155 | D:3      | 2155 ||| READING 2 scrolls of identify.
  2155 | D:3      | 2155 ||| IDENTIFYING fizzy silvery potion
  2156 | D:3      | 2156 ||| DROPPING scroll of blinking.
  2157 | D:3      | 2157 ||| DROPPING potion of brilliance.
  2226 | D:4      | Reached XP level 5. HP: 30/30 MP: 6/6
  2298 | D:4      | 2298 ||| STAIRDANCE
  2403 | D:4      | Reached skill level 5 in Ranged Weapons
  2610 | D:4      | Found a glowing silver altar of Zin.
  2627 | D:4      | Reached skill level 3 in Fighting
  2699 | D:4      | Found a runed translucent door.
  2714 | D:4      | Noticed qw's ghost (amateur DEHu)
  2790 | D:4      | Reached XP level 6. HP: 31/37 MP: 7/7
  3020 | D:4      | Reached skill level 6 in Ranged Weapons
  3084 | D:4      | 3084 ||| STAIRDANCE
  3161 | D:5      | Entered Level 5 of the Dungeon
  3248 | D:5      | Noticed a black bear
  3258 | D:5      | Killed a black bear
  3259 | D:5      | Reached XP level 7. HP: 14/44 MP: 8/8
  3581 | D:5      | 3581 ||| Stepping ~*~*~tactically~*~*~ (outnumbered).
  3714 | D:5      | Reached skill level 7 in Ranged Weapons
  3947 | D:5      | Found a staircase to the Ecumenical Temple.
  3948 | D:5      | 3948 ||| PLANNING TEMPLE
  3953 | Temple   | Entered the Ecumenical Temple
  3954 | Temple   | 3954 ||| Stepping randomly (stuck).
  3955 | Temple   | 3955 ||| PLANNING D:1-11
  4228 | D:6      | Noticed Pikel
  4228 | D:6      | Noticed Sigmund
  4228 | D:6      | Found a glowing drain.
  4229 | D:6      | 4229 ||| PLANNING SEWER
  4229 | D:6      | 4229 ||| STAIRDANCE
  4305 | D:6      | 4305 ||| STAIRDANCE
  4307 | D:6      | 4307 ||| STAIRDANCE
  4309 | D:6      | HP: 8/44 [Sigmund/+0 scythe (5)]
  4311 | D:6      | HP: 1/44 [orc wizard/magic dart (3)]
  4312 | D:6      | Slain by a worm

Levels and vault maps discovered:
D:1:      dpeg_arrival_round_a, layout_loops_corners, serial_shops,
          nicolae_shop_peninsula
D:2:      cheibrodos_old_hovel, layout_rooms
D:3:      layout_basic, nicolae_overflow_ecumenical_swirl, tgw_sif
D:4:      layout_cave_pods, mainiacjoe_overflow_paths,
          ebering_ghost_reflecting_pool, minmay_misc_feat_rugged
D:5:      layout_basic, minmay_temple_entry_fiery, ebering_dispersal_statue_hall
D:6:      layout_cave_pods, cheibrodos_sewer_entry_drain, moated_statue,
          uniq_maggie, uniq_pikel, uniq_eustachio, uniq_sigmund
Temple:   hellmonk_temple_micro_hex

Skill      XL: |  1  2  3  4  5  6  7 |
---------------+----------------------+-----
Ranged Weapons | 3 4 5 6 7 |  7.2
Fighting       | 2 3 4 |  4.8
Dodging        | 2 |  2.0
Spellcasting   | |  1.0
Hexes          | |  2.6

Action                     |  1- 3 |  4- 6 |  7- 9 || total
---------------------------+-------+-------+-------++-------
   Fire: Sling             |    89 |   164 |   112 ||   365
    Use: Scroll            |    13 |     2 |       ||    15
         Potion            |     1 |       |       ||     1
 Armour: Robe              |    16 |       |       ||    16
         Leather armour    |       |    56 |    71 ||   127
  Dodge: Dodged            |    20 |    35 |    82 ||   137
  Block: Other             |     5 |    22 |    23 ||    50
         Reflection        |       |       |     1 ||     1

Table legend:
 A = Non-vault XP
 B = Vault XP
 C = Vault XP percentage of total XP
 D = Non-vault monster count
 E = Vault monster count
 F = Vault count percentage of total count
                 A         B        C        D         E       F
            +---------+---------+-------+---------+---------+-------
      Total |    1048 |      38 |   3.5 |      64 |       2 |   3.0
            +---------+---------+-------+---------+---------+-------
        D:1 |      14 |       0 |   0.0 |       9 |       0 |   0.0
        D:2 |      45 |       1 |   2.2 |      12 |       1 |   7.7
        D:3 |      50 |      37 |  42.5 |      11 |       1 |   8.3
        D:4 |     387 |       0 |   0.0 |      16 |       0 |   0.0
        D:5 |     552 |       0 |   0.0 |      16 |       0 |   0.0
            +---------+---------+-------+---------+---------+-------
